 Dungeon Crawl Stone Soup version 0.29-a0-451-gfbfa42419e (webtiles) character file.

Game seed: 12965327090686829300

713 frimble the Grasshopper (level 7, -4/84 HPs)
             Began as a Gnoll Warper on May 20, 2022.
             Was an Initiate of Cheibriados.
             Slain by a killer bee (5 damage)
             ... on level 7 of the Dungeon.
             The game lasted 00:11:28 (6715 turns).

frimble the Grasshopper (Gnoll Warper)              Turns: 6715, Time: 00:11:28

Health: -4/84      AC: 23    Str: 11    XL:     7   Next: 69%
Magic:  24/24      EV:  2    Int: 15    God:    Cheibriados [......]
Gold:   214        SH:  0    Dex: 13    Spells: 7/17 levels left

rFire   + . .      SeeInvis .   p - +2 dagger (flame)
rCold   + . .      Faith    .   (no shield)
rNeg    . . .      Spirit   .   (body armour currently unavailable)
rPois   +          Reflect  .   (helmet currently unavailable)
rElec   +          Harm     .   (cloak currently unavailable)
rCorr   +          Rampage  .   (gloves currently unavailable)
Will    .....      NoTele   +   (boots currently unavailable)
Stlth   ++........              (no amulet)
HPRegen 0.24/turn               q - ring of magical power
MPRegen 0.19/turn               (no ring)

@: lethally poisoned (-4 -> -15), tree-form, resistant, attractive, very slow
A: stationary, stasis, torment immunity, boosted hp, (fangs 1), strong nose,
distributed training
a: Renounce Religion


You were on level 7 of the Dungeon.
You worshipped Cheibriados.
Cheibriados was noncommittal.
You were a tree.
You visited 1 branch of the dungeon, and saw 7 of its levels.

You collected 307 gold pieces.
You spent 93 gold pieces at shops.

Inventory:

Hand Weapons
 p - a +2 dagger of flaming (weapon)
 u - a +0 hand crossbow
Missiles
 c - a boomerang of dispersal (quivered)
 e - 2 poisoned darts
Armour
 a - a +1 leather armour (melded)
Jewellery
 q - a ring of magical power (left branch)
Scrolls
 b - 2 scrolls of blinking
 d - a scroll of fear
 h - a scroll of immolation
 k - 4 scrolls of teleportation
 s - 3 scrolls of magic mapping
 w - 2 scrolls of amnesia
Potions
 f - a potion of lignification
 i - a potion of flight
 l - a potion of might {unknown}
 m - a potion of resistance
 n - a potion of berserk rage {unknown}
 o - a potion of attraction
 r - a potion of magic {unknown}
 t - a potion of mutation


   Skills:
 + Level 5.3 Fighting
 + Level 2.6 Short Blades
 + Level 2.6 Long Blades
 + Level 2.6 Axes
 + Level 2.6 Maces & Flails
 + Level 2.6 Polearms
 + Level 2.6 Staves
 + Level 2.6 Slings
 + Level 2.6 Bows
 + Level 2.6 Crossbows
 + Level 3.7 Throwing
 + Level 3.7 Armour
 + Level 5.3 Dodging
 + Level 2.6 Stealth
 + Level 2.6 Shields
 + Level 5.3 Unarmed Combat
 + Level 5.7 Spellcasting
 + Level 2.1 Conjurations
 + Level 2.1 Hexes
 + Level 2.1 Summonings
 + Level 2.1 Necromancy
 + Level 5.9 Translocations
 + Level 2.1 Transmutations
 + Level 2.1 Fire Magic
 + Level 2.1 Ice Magic
 + Level 2.1 Air Magic
 + Level 2.1 Earth Magic
 + Level 2.1 Poison Magic
 + Level 2.9 Invocations
 + Level 2.6 Evocations


You had 7 spell levels left.
You knew the following spells:

 Your Spells              Type           Power      Damage    Failure   Level
a - Blink                 Tloc           44%        N/A       1%          2
b - Gell's Gravitas       Tloc           22%        N/A       4%          3
c - Passwall              Tmut/Erth      8%         N/A       10%         2
d - Stone Arrow           Conj/Erth      20%        3d8       19%         3

Your spell library contained the following spells:

 Spells                   Type           Power      Damage    Failure   Level
 Lesser Beckoning         Tloc           22%        N/A       4%          3
 Teleport Other           Tloc           22%        N/A       4%          3
 Sandblast                Erth           20%        2d7       6%          1
 Confusing Touch          Hex            10%        N/A       19%         3
 Manifold Assault         Tloc           22%        N/A       36%         5
 Yara's Violent Unravell  Hex/Tmut       5%         3d4       86%         5
 Enfeeble                 Hex            5%         N/A       100%        7


Dungeon Overview and Level Annotations

Branches:
Dungeon (7/15)
 Temple: D:4-7

Altars:
Ashenzari
Cheibriados
Gozag
Hepliaklqana
Makhleb
Sif Muna
Vehumet
The Shining One

Shops:
D:2 ?   D:4 *


Innate Abilities, Weirdness & Mutations

You are a tree.
Your roots penetrate the ground, keeping you stationary.
You cannot be teleported.
You are immune to unholy pain and torment.
Your maximum health is greatly increased.
Your equipment is partially melded.
((You have very sharp teeth.))
Your uncanny sense of smell can sniff out nearby items.
Your experience applies equally to all skills.


Message History

The killer bee stings you.
* * * LOW HITPOINT WARNING * * *
Really quaff the potion of lignification?
You turn into a tree.
Your +1 leather armour melds into your body.
Your roots penetrate the ground.
The killer bee stings you but does no damage. x2
You barely miss the killer bee.
The killer bee is moderately wounded.
The killer bee stings you but does no damage.
The killer bee stings you.
* * * LOW HITPOINT WARNING * * *
You are poisoned.
The killer bee poisons you!
You closely miss the killer bee.
The killer bee is moderately wounded.
You feel sick.
The killer bee stings you but does no damage.
The killer bee stings you.
* * * LOW HITPOINT WARNING * * *
You miss the killer bee.
The killer bee is moderately wounded.
* * * LOW HITPOINT WARNING * * *
You feel sick. The killer bee stings you.
* * * LOW HITPOINT WARNING * * *
You are more poisoned.
The killer bee poisons you!
It was a potion of attraction.
You feel attractive to monsters.
* * * LOW HITPOINT WARNING * * *
You feel very sick.
The killer bee stings you but does no damage.
The killer bee completely misses you.
It was a potion of resistance.
You feel protected.
* * * LOW HITPOINT WARNING * * *
You feel very sick.
The killer bee stings you but does no damage.
The killer bee stings you.
You die...

## ## #. .######
.#####.#####.......
.......♣yyy<.(#
##..######........#
#..#.###.# #..#...
#### ### ∆


You could see 3 killer bees.

Vanquished Creatures
  A water moccasin (D:6)
  A kobold brigand (D:4)
  A scorpion (D:6)
  2 killer bees (D:7)
  3 hounds
  A gnoll shaman (D:4)
  4 iguanas
  4 gnolls
  4 adders
  A shadow imp (D:5)
  An ufetubus (D:5)
  A worm (D:2)
  4 dart slugs
  9 orcs
  10 ball pythons
  7 bats
  7 endoplasms
  3 giant cockroaches
  5 goblins
  4 hobgoblins
  4 jackals (D:2)
  2 quokkas
  7 frilled lizards
  8 kobolds
  6 rats
100 creatures vanquished.

Vanquished Creatures (others)
  6 plants (D:5)
6 creatures vanquished.

Grand Total: 106 creatures vanquished

Notes
Turn   | Place    | Note
-------+----------+-------------------------------------------
     0 | D:1      | frimble the Gnoll Warper began the quest for the Orb.
     0 | D:1      | Reached XP level 1. HP: 20/20 MP: 6/6
   164 | D:1      | Reached XP level 2. HP: 24/26 MP: 7/7
   174 | D:1      | Learned a level 2 spell: Blink
   573 | D:1      | Reached skill level 5 in Spellcasting
   573 | D:1      | Reached XP level 3. HP: 24/31 MP: 7/9
   709 | D:1      | Found a faded altar of an unknown god.
   720 | D:1      | Reached skill level 1 in Invocations
  1209 | D:2      | Reached skill level 1 in Short Blades
  1209 | D:2      | Reached skill level 1 in Long Blades
  1209 | D:2      | Reached skill level 1 in Axes
  1209 | D:2      | Reached skill level 1 in Maces & Flails
  1209 | D:2      | Reached skill level 1 in Polearms
  1209 | D:2      | Reached skill level 1 in Staves
  1209 | D:2      | Reached skill level 1 in Slings
  1209 | D:2      | Reached skill level 1 in Bows
  1209 | D:2      | Reached skill level 1 in Crossbows
  1209 | D:2      | Reached skill level 1 in Stealth
  1209 | D:2      | Reached skill level 1 in Shields
  1209 | D:2      | Reached skill level 1 in Evocations
  1433 | D:2      | Reached XP level 4. HP: 14/38 MP: 8/11
  1908 | D:2      | Found Jabo's Magic Scroll Shop.
  1917 | D:2      | Bought a scroll of teleportation for 33 gold pieces
  1917 | D:2      | Bought a scroll of magic mapping for 38 gold pieces
  1917 | D:2      | Bought a scroll of identify for 22 gold pieces
  2377 | D:2      | Reached skill level 1 in Conjurations
  2377 | D:2      | Reached skill level 1 in Hexes
  2377 | D:2      | Reached skill level 1 in Summonings
  2377 | D:2      | Reached skill level 1 in Necromancy
  2377 | D:2      | Reached skill level 1 in Transmutations
  2377 | D:2      | Reached skill level 1 in Fire Magic
  2377 | D:2      | Reached skill level 1 in Ice Magic
  2377 | D:2      | Reached skill level 1 in Air Magic
  2377 | D:2      | Reached skill level 1 in Earth Magic
  2377 | D:2      | Reached skill level 1 in Poison Magic
  2454 | D:2      | Learned a level 3 spell: Gell's Gravitas
  3098 | D:3      | Found a shimmering blue altar of Sif Muna.
  3126 | D:3      | Learned a level 2 spell: Passwall
  3130 | D:3      | Learned a level 3 spell: Stone Arrow
  3240 | D:3      | Reached XP level 5. HP: 40/43 MP: 12/12
  3670 | D:3      | Found a hazy altar of Hepliaklqana.
  3739 | D:3      | Found a faded altar of an unknown god.
  3776 | D:3      | Found a snail-covered altar of Cheibriados.
  3876 | D:4      | Found a burning altar of Makhleb.
  4255 | D:4      | Found an opulent altar of Gozag.
  4256 | D:4      | Found Gozag's Platinum Reserve.
  4305 | D:4      | Found a broken altar of Ashenzari.
  4462 | D:3      | Became a worshipper of Cheibriados the Contemplative
  4479 | D:5      | Entered Level 5 of the Dungeon
  4564 | D:5      | Found a radiant altar of Vehumet.
  4588 | D:5      | Reached XP level 6. HP: 43/50 MP: 13/13
  4939 | D:5      | Noticed a yak
  4939 | D:5      | Noticed a yak
  4939 | D:5      | Noticed a yak
  5012 | D:6      | Reached skill level 5 in Fighting
  5012 | D:6      | Reached skill level 5 in Dodging
  5012 | D:6      | Reached skill level 5 in Unarmed Combat
  5234 | D:6      | Noticed a water moccasin
  5759 | D:4      | Reached XP level 7. HP: 31/56 MP: 1/15
  6293 | D:5      | Found a glowing golden altar of the Shining One.
  6420 | D:5      | Noticed a yak
  6594 | D:5      | Noticed a yak
  6639 | D:6      | Noticed a yak
  6714 | D:7      | HP: 3/84 [poisoned by a killer bee]
  6715 | D:7      | HP: 1/84 [poisoned by a killer bee]
  6715 | D:7      | Slain by a killer bee

Illustrated notes

Levels and vault maps discovered:
D:1:      dpeg_arrival_arbitrary_c, layout_loops_ring,
          shapermc_ecumenical_altar_totnotflames, minmay_pentomino_r4
D:2:      layout_basic, serial_shops, nicolae_shop_advertising_works
          [nicolae_subvault_shop_adworks], nicolae_elevator_lobby_asterisk
D:3:      layout_loops_ring, worldfamousw_hep_ancestral_shrine,
          nicolae_overflow_ecumenical_swirl, lemuel_doored_altar, st_stairs_13
D:4:      layout_rooms, kennysheep_mini, mainiacjoe_overflow_chevrons,
          nicolae_gozag_zags_fifth_avenue
D:5:      layout_basic, kennysheep_little_box, fiery_altar_vehumet,
          mainiacjoe_overflow_boulevard
D:6:      layout_gridville, kennysheep_another_room, hangedman_minor_gate_pass,
          uniq_blork_the_orc
D:7:      layout_basic, elyvilon_altar_3, grunt_dithmenos_shadows,
          minmay_temple_entry_wispy, uniq_duvessa

Skill      XL: |  1  2  3  4  5  6  7 |
---------------+----------------------+-----
Spellcasting   | 5 |  5.7
Invocations    | 1 2 |  2.9
Short Blades   | 1 2 |  2.6
Long Blades    | 1 2 |  2.6
Axes           | 1 2 |  2.6
Maces & Flails | 1 2 |  2.6
Polearms       | 1 2 |  2.6
Staves         | 1 2 |  2.6
Slings         | 1 2 |  2.6
Bows           | 1 2 |  2.6
Crossbows      | 1 2 |  2.6
Stealth        | 1 2 |  2.6
Shields        | 1 2 |  2.6
Evocations     | 1 2 |  2.6
Conjurations   | 1 2 |  2.1
Hexes          | 1 2 |  2.1
Summonings     | 1 2 |  2.1
Necromancy     | 1 2 |  2.1
Transmutations | 1 2 |  2.1
Fire Magic     | 1 2 |  2.1
Ice Magic      | 1 2 |  2.1
Air Magic      | 1 2 |  2.1
Earth Magic    | 1 2 |  2.1
Poison Magic   | 1 2 |  2.1
Throwing       | 3 |  3.7
Armour         | 3 |  3.7
Fighting       | 5 |  5.3
Dodging        | 5 |  5.3
Unarmed Combat | 5 |  5.3
Translocations | |  5.9

Action                   |  1- 3 |  4- 6 |  7- 9 || total
-------------------------+-------+-------+-------++-------
Melee: Unarmed           |   100 |     8 |       ||   108
       Bite              |     6 |    14 |     1 ||    21
       Punch             |     2 |     2 |     4 ||     8
       Dagger            |       |   234 |    62 ||   296
 Fire: Hand crossbow     |       |    17 |       ||    17
Throw: Dart              |     4 |    14 |       ||    18
       Boomerang         |       |     6 |       ||     6
       Javelin           |       |       |     3 ||     3
 Cast: Blink             |     1 |    11 |     2 ||    14
       Stone Arrow       |       |     4 |     5 ||     9
       Gell's Gravitas   |       |     2 |       ||     2
       Passwall          |       |       |     1 ||     1
  Use: Scroll            |       |    10 |     2 ||    12
       Potion            |       |     4 |     4 ||     8
 Stab: Sleeping          |       |     4 |     1 ||     5
Armor: Leather armour    |    17 |    49 |    10 ||    76
       Skin              |       |    27 |    39 ||    66
Dodge: Dodged            |    72 |   176 |    32 ||   280

Table legend: (Time is in decaauts)
 A = Elapsed time spent in this place.
 B = Non-inter-level travel time spent in this place.
 C = Inter-level travel time spent in this place.
 D = Time resting spent in this place.
 E = Time spent auto-exploring this place.
 F = Levels seen in this place.
 G = Mean time per level.
                   A        B        C        D        E       F      G
               +--------+--------+--------+--------+--------+-----+--------+
         Total |   6992 |   6474 |    518 |    100 |   5216 |   7 |  998.9 |
       Dungeon |   6992 |   6474 |    518 |    100 |   5216 |   7 |  998.9 |
               +--------+--------+--------+--------+--------+-----+--------+

Top non-repeatable levels by time:
     D:5: 1464 daAuts
     D:2: 1397 daAuts
     D:3: 1258 daAuts
     D:4: 1232 daAuts
     D:1: 1202 daAuts
     D:6: 395 daAuts
     D:7: 41 daAuts
